 Dungeon Crawl Stone Soup version 0.26.0-20-g3ca415f5b8 (webtiles) character file.

Game seed: 413018983653531929

72 kaeus the Firebug (level 4, -3/24 HPs)
             Began as a Gargoyle Fire Elementalist on Jan 24, 2021.
             Was an Initiate of the Shining One.
             Killed from afar by Terence (5 damage)
             ... with a puff of flame
             ... on level 2 of the Dungeon.
             The game lasted 00:02:50 (2276 turns).

kaeus the Firebug (Gargoyle Fire Elementalist)      Turns: 2276, Time: 00:02:51

Health: -3/24      AC:  5    Str: 12    XL:     4   Next: 25%
Magic:  0/7        EV: 12    Int: 16    God:    the Shining One [......]
Gold:   53         SH:  0    Dex: 10    Spells: 7/8 levels left

rFire    . . .     SeeInvis .   f - +0 club
rCold    + . .     Faith    .   (no shield)
rNeg     + . .     Spirit   +   a - +0 robe
rPois    ∞         Reflect  .   (no helmet)
rElec    +         Harm     .   (no cloak)
rCorr    .         Rampage  .   (no gloves)
Will     .....                  (no boots)
Stlth    +.........             h - amulet of guardian spirit
HPRegen  0.08/turn              j - ring of protection from cold
MPRegen  0.10/turn              (no ring)

@: glowing
A: negative energy resistance 1, electricity resistance, unbreathing,
petrification resistance, miasma immunity, AC +3
a: Renounce Religion


You were on level 2 of the Dungeon.
You worshipped the Shining One.
The Shining One was noncommittal.
You visited 1 branch of the dungeon, and saw 2 of its levels.

You collected 53 gold pieces.

Inventory:

Hand Weapons
 f - a +0 club (weapon)
Armour
 a - a +0 robe (worn)
Jewellery
 h - an amulet of guardian spirit (around neck)
 j - a ring of protection from cold (left hand)
Scrolls
 b - a scroll of remove curse {unknown}
 c - 3 scrolls of teleportation {unknown}
 d - a scroll of amnesia {unknown}
 e - a scroll of fog {unknown}
 g - 2 scrolls of blinking {unknown}
 i - a scroll of identify {unknown}
Potions
 k - a potion of attraction {unknown}
 l - a potion of curing
 m - 2 potions of invisibility {unknown}


   Skills:
 - Level 1.5 Dodging
 - Level 2.1 Stealth
 + Level 2.5 Spellcasting
 * Level 2.8 Conjurations
 * Level 3.9 Fire Magic


You had 7 spell levels left.
You knew the following spells:

 Your Spells              Type           Power        Failure   Level
a - Foxfire               Conj/Fire      48%          4%          1

Your spell library contained the following spells:

 Spells                   Type           Power        Failure   Level
 Conjure Flame            Conj/Fire      12%          14%         3
 Inner Flame              Hex/Fire       8%           26%         3
 Sticky Flame             Conj/Fire      12%          43%         4
 Fireball                 Conj/Fire      6%           80%         5


Dungeon Overview and Level Annotations

Branches:
Dungeon (2/15)

Altars:
The Shining One

Annotations:
D:2 Terence


Innate Abilities, Weirdness & Mutations

You are resistant to torment.
Your stone body is resilient. (AC +3)
You are immune to poison.
You resist negative energy. (rN+)
You are resistant to electric shocks. (rElec)
You can survive without breathing.
You are immune to petrification.
You are immune to miasma.


Message History

You take 7 damage, and have 7/24 hp.
MASSIVE DAMAGE!!
You now have 1/7 mp.
You hit Terence but do no damage.
Terence is moderately wounded.
The foxfire hits Terence.
Terence is heavily wounded.
The foxfire hits Terence but does no damage.
Terence is heavily wounded.
Terence hits you with a +0 short sword.
* * * LOW HITPOINT WARNING * * *
Terence hits you with a +0 short sword.
* * * LOW HITPOINT WARNING * * *
You take 3 damage, and have 4/24 hp.
Terence zaps a wand.
The puff of flame hits you! The Shining One protects you from harm!
You now have 0/7 mp.
Terence zaps a wand.
The puff of flame hits you.
* * * LOW HITPOINT WARNING * * *
You take 2 damage, and have 2/24 hp.
Terence zaps a wand.
The puff of flame hits you.
You die...

.. ..........[.........'r..>
## #..####.####†##....#
#...##.####.##...r#
#.#.#.Sr.r..##....##
#.....@###..##.S.÷.#
##.##..#....###....#
#.##..#.#..r......# ####
####.##..#...###.....# #..##
#.......@###.........#
###...###.##.###.#######.###.#
.#......#......#.......#.#...#
.#.#.##.####...#.......###.###
...#....#........#...#...#.#
..###..##.###....#.#÷(.#.#.#
.##.##..#.# #..#.#.#.....#.#
##...##...# ##.#.#.###.###.#
#..#..##..####.#.#...#.....#


You could see Terence, a ball python and a rat.

Vanquished Creatures
  Natasha (D:2)
  A leopard gecko (D:1)
  2 bats (D:2)
  2 giant cockroaches
  3 goblins (D:1)
  5 hobgoblins
  4 jackals (D:2)
  7 kobolds
  A quokka (D:2)
  3 ball pythons
  9 frilled lizards
  8 rats
46 creatures vanquished.

Vanquished Creatures (others)
  119 foxfires
119 creatures vanquished.

Grand Total: 165 creatures vanquished

Notes
Turn   | Place    | Note
-------+----------+-------------------------------------------
     0 | D:1      | kaeus the Gargoyle Fire Elementalist began the quest for
                  | the Orb.
     0 | D:1      | Reached XP level 1. HP: 10/10 MP: 3/3
   405 | D:1      | Reached XP level 2. HP: 15/15 MP: 0/5
  1290 | D:2      | Reached XP level 3. HP: 9/19 MP: 0/6
  1851 | D:2      | Found a glowing golden altar of the Shining One.
  2027 | D:2      | Noticed Natasha
  2072 | D:2      | Became a worshipper of the Shining One
  2160 | D:2      | Killed Natasha
  2161 | D:2      | Reached XP level 4. HP: 24/24 MP: 1/7
  2245 | D:2      | Noticed Terence
  2273 | D:2      | The Shining One protects you from harm!
  2276 | D:2      | Killed from afar by Terence

Illustrated notes

Levels and vault maps discovered:
D:1:      moated_graveyard_arrival, layout_basic
D:2:      layout_basic, tso_metal_star, uniq_terence, uniq_natasha

Skill      XL: |  1  2 |
---------------+-------+-----
Conjurations   | 2 |  2.8
Dodging        | |  1.5
Stealth        | |  2.1
Spellcasting   | |  2.5
Fire Magic     | |  3.9

Action                   |  1- 3 |  4- 6 || total
-------------------------+-------+-------++-------
Melee: Club              |    72 |     8 ||    80
       Unarmed           |     4 |       ||     4
 Cast: Foxfire           |    86 |     5 ||    91
  Use: Potion            |       |     1 ||     1
Armor: Robe              |    22 |     1 ||    23
Dodge: Dodged            |    65 |     4 ||    69
